 Dungeon Crawl Stone Soup version 0.26.0-10-g1f06aea511 (webtiles) character file.

Game seed: 1856870836287980769

405633 wakim the Devastator (level 22, -66/134 HPs)
             Began as a Deep Elf Conjurer on Jan 16, 2021.
             Was an Elder of Sif Muna.
             Annihilated by a juggernaut (77 damage)
             ... on level 2 of the Depths on Jan 17, 2021.
             The game lasted 06:55:28 (77182 turns).

wakim the Devastator (Deep Elf Conjurer)           Turns: 77182, Time: 06:55:28

Health: -66/134    AC: 16    Str: 13    XL:     22   Next: 36%
Magic:  37/48      EV: 23    Int: 31    God:    Sif Muna [****..]
Gold:   1889       SH:  7    Dex: 14    Spells: 2/62 levels left

rFire    + + .     SeeInvis +   a - +9 rapier of the Ring {vorpal, rC+++ Str+8 SInv}
rCold    + + +     Faith    .   S - +2 buckler {rC+}
rNeg     + . .     Spirit   .   A - +2 robe {Will+}
rPois    +         Reflect  .   R - +2 helmet
rElec    +         Harm     .   Q - +2 ratskin cloak {*Rats rPois rN+ Str-1 Int-1 Dex+1}
rCorr    .         Rampage  .   L - +2 pair of gloves
Will     +++..                  j - +2 pair of boots
Stlth    ++........             m - amulet of magic regeneration
HPRegen  0.32/turn              O - ring "Zairphof" {*Contam rElec rPois rF+ rC++}
MPRegen  0.56/turn              T - ring of protection from fire

@: studying Axes
A: blurry vision 1
}: 2/15 runes: serpentine, barnacled
a: Renounce Religion, Channel Magic, Forget Spell, Divine Exegesis


You were on level 2 of the Depths.
You worshipped Sif Muna.
Sif Muna was greatly pleased with you.
You visited 8 branches of the dungeon, and saw 39 of its levels.
You visited the Abyss 1 time.
You also visited: Sewer and Ice Cave.

You collected 4025 gold pieces.
You spent 2136 gold pieces at shops.

Inventory:

Hand Weapons
 a - the +9 rapier of the Ring (weapon) {vorpal, rC+++ Str+8 SInv}
   (You took it off a deep elf mage on level 12 of the Dungeon)

   It inflicts extra damage upon your enemies.
   It affects your strength (+8).
   It renders you almost immune to cold.
   It lets you see invisible.
 k - the +1 trident "Dyeged" {freeze, Will+ Dex+9}
   (You found it on level 4 of the Dungeon)

   It has been specially enchanted to freeze those struck by it, causing extra
   injury to most foes and up to half again as much damage against particularly
   susceptible opponents.
   It can also slow down cold-blooded creatures.
   It affects your dexterity (+9).
   It affects your willpower, your defense against some magical effects.
Armour
 f - a +2 kite shield
 j - a +2 pair of boots (worn)
 x - +0 acid dragon scales
 A - a +2 robe of willpower (worn)
 L - a +2 pair of gloves (worn)
 Q - the +2 ratskin cloak (worn) {*Rats rPois rN+ Str-1 Int-1 Dex+1}
   (You bought it in a shop on level 9 of the Dungeon)

   It affects your strength (-1).
   It affects your intelligence (-1).
   It affects your dexterity (+1).
   It protects you from poison.
   It protects you from negative energy.
 R - a +2 helmet (worn)
 S - a +2 buckler of cold resistance (worn)
Magical Staves
 b - an uncursed staff of conjuration
Jewellery
 m - an amulet of magic regeneration (around neck)
 n - an uncursed ring of positive energy
 s - an uncursed ring of positive energy
 D - a cursed +4 ring of evasion
 E - a +6 ring of intelligence
 F - an uncursed ring of magical power
 H - an uncursed ring of flight
 N - an uncursed ring of willpower
 O - the ring "Zairphof" (left hand) {*Contam rElec rPois rF+ rC++}
   (You bought it in a shop on level 2 of the Orcish Mines)

   [ring of protection from fire]

   It protects you from fire.
   It greatly protects you from cold.
   It insulates you from electricity.
   It protects you from poison.
   It causes magical contamination when unequipped.
 T - a ring of protection from fire (right hand)
 V - the amulet "Elluhy" {Regen+ Str+3}
   (You found it on level 3 of the Snake Pit)

   [amulet of regeneration]

   It affects your strength (+3).
   It increases your rate of regeneration.
 W - an uncursed ring of see invisible
 X - an uncursed amulet of reflection
 Z - an uncursed ring of protection from fire
Wands
 l - a wand of disintegration (86)
 t - a wand of digging (13)
 w - a wand of paralysis (60)
Scrolls
 c - 13 scrolls of amnesia
 d - 19 scrolls of identify
 h - 19 scrolls of teleportation
 i - 8 scrolls of fog
 o - 19 scrolls of remove curse
 q - 2 scrolls of silence
 u - 5 scrolls of enchant armour
 v - 8 scrolls of enchant weapon
 y - 8 scrolls of magic mapping
 J - 2 scrolls of holy word
 K - a scroll of summoning
 M - 5 scrolls of immolation
 P - 2 scrolls of fear
Potions
 e - 23 potions of curing
 g - 4 potions of invisibility
 p - 10 potions of flight
 r - 5 potions of brilliance
 z - 6 potions of might
 B - 3 potions of haste
 C - a potion of magic
 G - 2 potions of heal wounds
 I - 6 potions of cancellation
Books
 U - a manual of Axes


   Skills:
 * Level 12.8 Fighting
 + Level 16.0 Dodging
 - Level 2.4 Stealth
 - Level 4.0 Shields
 + Level 20.6 Spellcasting
 + Level 20.7 Conjurations
 - Level 10.0 Hexes
 - Level 8.0 Summonings
 + Level 8.2 Translocations
 - Level 8.0 Fire Magic
 + Level 18.6 Earth Magic
 + Level 11.2 Invocations
 - Level 2.8 Evocations


You had 2 spell levels left.
You knew the following spells:

 Your Spells              Type           Power        Failure   Level
a - Magic Dart            Conj           100%         0%          1
b - Spellforged Servitor  Conj/Summ      44%          2%          7
c - Fulminant Prism       Conj/Hex       45%          1%          4
d - Iskenderun's Mystic   Conj/Tloc      89%          1%          4
e - Iskenderun's Battles  Conj           100%         0%          5
f - Bolt of Magma         Conj/Fire/Erth 46%          1%          5
g - Blink                 Tloc           N/A          1%          2
h - Iron Shot             Conj/Erth      50%          1%          6
i - Orb of Destruction    Conj           51%          1%          7
j - Fireball              Conj/Fire      44%          1%          5
k - Lehudib's Crystal Sp  Conj/Erth      50%          2%          8
l - Invisibility          Hex            76%          2%          6

Your spell library contained the following spells:

 Spells                   Type           Power        Failure   Level
 Foxfire                  Conj/Fire      100%         0%          1
 Sandblast                Erth           100%         0%          1
 Shock                    Conj/Air       100%         0%          1
 Searing Ray              Conj           100%         0%          2
 Animate Skeleton         Necr           64%          1%          1
 Apportation              Tloc           100%         1%          1
 Corona                   Hex            84%          1%          1
 Freeze                   Ice            100%         1%          1
 Sting                    Tmut/Pois      100%         1%          1
 Summon Small Mammal      Summ           100%         1%          1
 Call Imp                 Summ           69%          1%          2
 Corpse Rot               Necr/Air       N/A          1%          2
 Ensorcelled Hibernation  Hex/Ice        100%         1%          2
 Passwall                 Tmut/Erth      61%          1%          2
 Poisonous Vapours        Pois/Air       64%          1%          2
 Slow                     Hex            76%          1%          2
 Sublimation of Blood     Necr           16%          1%          2
 Swiftness                Air            32%          1%          2
 Conjure Flame            Conj/Fire      88%          0%          3
 Dazzling Flash           Conj/Hex       100%         0%          3
 Stone Arrow              Conj/Erth      100%         0%          3
 Lee's Rapid Deconstruct  Erth           49%          0%          5
 Call Canine Familiar     Summ           69%          1%          3
 Ignite Poison            Fire/Tmut/Pois 48%          1%          3
 Inner Flame              Hex/Fire       73%          1%          3
 Lesser Beckoning         Tloc           35%          1%          3
 Mephitic Cloud           Conj/Pois/Air  66%          1%          3
 Portal Projectile        Hex/Tloc       100%         1%          3
 Static Discharge         Conj/Air       77%          1%          3
 Summon Guardian Golem    Hex/Summ       73%          1%          3
 Teleport Other           Tloc           70%          1%          3
 Tukima's Dance           Hex            76%          1%          3
 Cause Fear               Hex            38%          1%          4
 Hailstorm                Conj/Ice       77%          1%          4
 Leda's Liquefaction      Hex/Erth       44%          1%          4
 Passage of Golubria      Tloc           N/A          1%          4
 Petrify                  Tmut/Erth      74%          1%          4
 Sticky Flame             Conj/Fire      88%          1%          4
 Summon Ice Beast         Ice/Summ       54%          1%          4
 Summon Lightning Spire   Summ/Air       54%          1%          4
 Borgnjor's Vile Clutch   Necr/Erth      37%          1%          5
 Irradiate                Conj/Tmut      38%          1%          5
 Lightning Bolt           Conj/Air       38%          1%          5
 Summon Demon             Summ           34%          1%          5
 Summon Forest            Summ/Tloc      35%          1%          5
 Summon Mana Viper        Hex/Summ       73%          1%          5
 Starburst                Conj/Fire      44%          1%          6
 Conjure Ball Lightning   Conj/Air       38%          2%          6
 Frozen Ramparts          Ice            64%          3%          3
 Ozocubu's Armour         Ice            32%          3%          3
 Metabolic Englaciation   Hex/Ice        29%          3%          5
 Silence                  Hex/Air        29%          3%          5
 Yara's Violent Unravell  Hex/Tmut       29%          3%          5
 Statue Form              Tmut/Erth      49%          3%          6
 Dispersal                Tloc           35%          5%          6
 Shadow Creatures         Summ           N/A          6%          6
 Freezing Cloud           Conj/Ice/Air   33%          10%         6
 Airstrike                Air            16%          11%         4
 Dispel Undead            Necr           32%          11%         4
 Ice Form                 Ice/Tmut       32%          11%         4
 Olgreb's Toxic Radiance  Pois           32%          11%         4
 Agony                    Necr           32%          30%         5
 Alistair's Intoxication  Tmut/Pois      21%          30%         5
 Excruciating Wounds      Necr           16%          30%         5
 Malign Gateway           Summ/Tloc      35%          32%         7
 Monstrous Menagerie      Summ           34%          34%         7
 Summon Greater Demon     Summ           34%          34%         7
 Summon Hydra             Summ           34%          34%         7
 Shatter                  Erth           49%          47%         9
 Chain Lightning          Conj/Air       38%          71%         8
 Discord                  Hex            38%          75%         8
 Eringya's Noxious Bog    Tmut/Pois      16%          86%         6
 Hydra Form               Tmut           16%          86%         6
 Ozocubu's Refrigeration  Ice            16%          86%         6
 Simulacrum               Ice/Necr       16%          86%         6
 Haunt                    Necr/Summ      27%          87%         7
 Disjunction              Tloc           35%          94%         8
 Summon Horrible Things   Summ           34%          95%         8
 Fire Storm               Conj/Fire      44%          97%         9
 Death's Door             Necr           16%          100%        9


Dungeon Overview and Level Annotations

Branches:
Dungeon (15/15)            Temple (1/1) D:5            Lair (6/6) D:10
 Shoals (4/4) Lair:2        Snake (4/4) Lair:2        Slime (0/5) Lair:6
    Orc (2/2) D:11            Elf (0/3) Orc:2        Vaults (4/5) D:14
  Crypt (0/3) Vaults:3     Depths (3/5) D:15          Sewer (visited)
  IceCv (visited)

Altars:
Ashenzari
Cheibriados
Dithmenos
Elyvilon
Fedhas
Gozag
Hepliaklqana
Kikubaaqudgha
Makhleb
Nemelex Xobeh
Okawaru
Qazlal
Ru
Sif Muna
Trog
Uskayaw
Vehumet
Wu Jian
Xom
Yredelemnul
Zin
The Shining One
Jiyva

Shops:
D:7 *   D:9 [   D:12 }   Orc:2 }::[=   Shoals:4 !   Snake:1 *   Snake:2 [
Vaults:1 :   Vaults:3 =   Vaults:4 =

Portals:
Hell: Depths:1 Depths:2 Depths:3
Abyss: Depths:2 Depths:3
Pandemonium: Depths:3
Ziggurat: Depths:2


Innate Abilities, Weirdness & Mutations

Scrolls take you a little longer to read.


Message History

Casting: Iskenderun's Mystic Blast (safe; 1% risk of failure)
Confirm with . or Enter, or press ? or * to list all spells.
You erupt in a blast of force!
The mystic blast hits the juggernaut!
The juggernaut is severely wounded.
The juggernaut is knocked back by the mystic blast.
The juggernaut slams into the granite statue!
Casting: Iskenderun's Mystic Blast (safe; 1% risk of failure)
Confirm with . or Enter, or press ? or * to list all spells.
You erupt in a blast of force!
The mystic blast hits the juggernaut!
The juggernaut is severely wounded.
The juggernaut is knocked back by the mystic blast.
The juggernaut slams into the granite statue!
Casting: Iskenderun's Mystic Blast (safe; 1% risk of failure)
Confirm with . or Enter, or press ? or * to list all spells.
You erupt in a blast of force!
The mystic blast hits the juggernaut but does no damage.
The juggernaut is severely wounded.
The juggernaut hits you!!!!
Ouch! That really hurt!
You die...

.....#.....###....##..|.#
⌠⌠...''...###''..##....##
..)...#.###..''###.#...#
......###.....###.##..##
####''#.......##.#8..##
##....[..#)..##.##).##
''....#⌠##..##.#⌠.>##
''...##...###.##C.##
##.....####..[.)@##
########.#......##
.........''....##
≈≈⌠≈≈≈....#..###
..........####
∩.......### #########


You could see a juggernaut.

Vanquished Creatures
  3 juggernauts
  Vashnia (Snake:2)
  4 caustic shrikes (Depths:2)
  Saint Roka (Snake:2)
  Nikola (Snake:3)
  A tentacled monstrosity (D:13)
  Polyphemus (Shoals:4)
  A lich (Depths:2)
  A titan (Depths:2)
  4 sphinxes
  2 nagarajas
  A tengu reaver (Depths:2)
  Kirke (D:12)
  Roxanne (Shoals:2)
  4 fire giants
  A frost giant (IceCv)
  3 deep elf sorcerers
  An azure jelly (shapeshifter) (Vaults:2)
  2 iron dragons
  Louise (D:14)
  4 vault wardens
  5 very ugly things
  5 ironheart preservers
  16 stone giants
  3 spriggan defenders
  3 vampire knights
  A deep elf annihilator (Depths:1)
  Azrael (Snake:1)
  4 spark wasps
  6 ettins
  5 merfolk impalers
  2 jiangshi (Depths:2)
  4 merfolk javelineers
  3 fire dragons
  14 ogre magi
  8 yaktaur captains
  Erolcha (D:11)
  5 vault guards
  5 rakshasas
  10 naga warriors
  6 great orbs of eyes
  10 hydras
  4 ice dragons
  5 merfolk avatars
  A spriggan air mage (Depths:3)
  A death knight (Vaults:2)
  7 centaur warriors
  25 two-headed ogres
  4 merfolk aquamancers (Shoals:4)
  11 anacondas
  9 boulder beetles
  4 catoblepae
  3 satyrs
  3 tengu warriors
  A deep troll shaman (Depths:2)
  A vampire mage (Depths:2)
  3 deep troll earth magi
  7 death yaks
  5 orc high priests (Orc:2)
  6 shock serpents
  Urug (D:11)
  6 naga sharpshooters
  4 spriggan berserkers
  3 salamander mystics (Snake:2)
  3 deep elf knights
  11 sea snakes
  4 skeletal warriors (Vaults:2)
  6 unseen horrors
  6 naga ritualists
  A shadow wraith (Vaults:4)
  4 glowing orange brains
  A glowing orange brain (shapeshifter) (D:15)
  5 wizards
  A death drake (shapeshifter) (D:15)
  9 deep trolls
  4 necromancers
  7 ironbrand convokers
  18 orc knights
  A harpy (shapeshifter) (Vaults:1)
  3 wolf spiders
  15 harpies
  An orb spider (shapeshifter) (Depths:2)
  2 large abominations (D:13)
  A lindwurm (Lair:6)
  2 wolf spider zombies
  A frost giant zombie (Depths:2)
  4 orc sorcerers
  8 cyclopes
  13 mana vipers
  7 deep elf magi
  An elephant (shapeshifter) (Depths:2)
  An oklob plant (Shoals:3)
  11 manticores
  18 salamanders
  34 ugly things
  A guardian serpent (shapeshifter) (Depths:1)
  10 merfolk sirens
  A guardian serpent (Snake:4)
  6 water nymphs
  A human skeleton (Vaults:4)
  10 fauns
  A stone giant skeleton (Depths:2)
  36 black mambas
  6 vault sentinels
  4 centaur zombies
  A cane toad (shapeshifter) (D:12)
  17 cane toads
  13 naga magi
  2 gargoyles
  7 rime drakes
  46 yaktaurs
  A kobold demonologist (D:15)
  A demonic crawler (D:13)
  3 freezing wraiths
  20 komodo dragons
  21 polar bears
  6 trolls
  2 tengu conjurers
  6 wind drakes
  A queen bee (shapeshifter) (D:15)
  24 merfolk
  5 hornets
  A meliai (shapeshifter) (Vaults:2)
  19 slime creatures
  2 nameless horrors
  8 snapping turtles
  A meliai zombie (D:13)
  12 blink frogs
  8 dream sheep (Lair:6)
  A boulder beetle zombie (Vaults:3)
  A snapping turtle (shapeshifter) (Vaults:1)
  A centaur simulacrum (D:15)
  3 water elementals
  2 shadows
  4 vampires
  60 yaks
  Eustachio (D:4)
  A fire elemental (Snake:1)
  7 humans (D:14)
  3 wyverns
  A human (shapeshifter) (Vaults:3)
  14 spriggans
  4 hogs (D:12)
  5 basilisks
  A fire bat (shapeshifter) (Vaults:2)
  3 wraiths
  A neqoxec (D:13)
  2 steam dragons
  A yaktaur simulacrum (Vaults:1)
  5 vampire mosquitoes
  3 wargs
  Menkaure (D:5)
  6 acid dragons
  An acid dragon (shapeshifter) (Depths:2)
  33 nagas
  4 hell hounds (Snake:1)
  24 water moccasins
  A deep troll zombie (Vaults:3)
  47 orc warriors
  9 black bears
  5 sky beasts
  The ghost of MajorAdolf the Sneak, an amateur NaWn (D:3)
  4 ice beasts
  A tengu skeleton (Depths:1)
  2 eyes of draining (D:13)
  10 boggarts
  30 ogres
  43 wolves
  An eye of draining (shapeshifter) (D:12)
  3 phantoms (D:5)
  A necrophage (D:13)
  16 centaurs
  3 big kobolds
  22 bullfrogs
  3 gnoll sergeants (D:8)
  A water moccasin zombie (D:9)
  A wyvern skeleton (D:9)
  2 scorpions
  15 killer bees
  5 small abominations (D:13)
  17 wights
  6 electric eels
  2 howler monkeys
  2 bullfrog zombies
  2 quasits (D:8)
  22 hounds
  6 jellies
  18 orc wizards
  4 bullfrog skeletons
  2 gnoll shamans (D:8)
  34 orc priests
  8 centaur skeletons
  Ijyb (D:5)
  An iguana (D:12)
  14 hell rats (Lair:5)
  17 worker ants
  A hound zombie (D:8)
  A howler monkey zombie (D:10)
  35 gnolls
  2 worker ant zombies
  18 adders
  5 shadow imps
  A white imp (D:10)
  2 ufetubi (D:7)
  2 adder skeletons
  6 leopard geckos
  143 orcs
  A ball python (D:3)
  2 bats
  6 giant cockroaches
  3 goblins
  5 hobgoblins
  19 jackals
  8 quokkas
  A frilled lizard (D:1)
  A giant cockroach zombie (D:5)
  19 kobolds
  A quokka skeleton (D:8)
  9 rats
1642 creatures vanquished.

Vanquished Creatures (collateral kills)
  A caustic shrike (Depths:2)
  A tentacled monstrosity (Depths:2)
  Jorgrun (Snake:3)
  A sphinx (Depths:1)
  A shadow dragon (Vaults:3)
  Donald (Shoals:4)
  A tengu reaver (Vaults:2)
  A fire giant (Depths:2)
  4 nagarajas (Snake:4)
  A frost giant (Depths:2)
  Aizul (Snake:3)
  3 vault wardens
  A caustic shrike skeleton (Depths:1)
  4 ironheart preservers
  8 very ugly things
  2 spriggan defenders (Depths:2)
  2 stone giants
  The ghost of Lutiheq the Grappler, a journeyman DrTm of Wu Jian (Lair:4)
  A deep elf demonologist (Vaults:3)
  2 spark wasps
  5 fire dragons
  2 ettins
  2 yaktaur captains
  A jiangshi (Depths:2)
  A deep elf death mage (Depths:2)
  A crystal guardian (Vaults:4)
  2 merfolk javelineers (Shoals:4)
  2 great orbs of eyes
  2 merfolk impalers (Shoals:4)
  2 ogre magi
  2 ice dragons
  A caustic shrike simulacrum (Depths:1)
  A rakshasa (Depths:1)
  4 vault guards (Vaults:1)
  4 naga warriors
  An anaconda (Snake:4)
  2 centaur warriors
  2 merfolk avatars
  A death knight (Vaults:3)
  9 two-headed ogres
  A deep troll shaman (Depths:1)
  A death yak (Shoals:4)
  A tengu warrior (Depths:1)
  9 naga sharpshooters
  A deep troll earth mage (Depths:2)
  A spriggan berserker (Depths:3)
  A deep elf knight (Vaults:3)
  A skeletal warrior (Vaults:2)
  3 sea snakes
  A spark wasp zombie (Depths:2)
  A storm dragon skeleton (Vaults:3)
  7 deep trolls
  A wizard (Vaults:3)
  3 harpies
  2 ironbrand convokers
  3 deep elf magi
  A shadow dragon zombie (Depths:2)
  A necromancer (Depths:2)
  An orc knight (Vaults:3)
  An orc sorcerer (Vaults:2)
  14 ugly things
  A fire giant zombie (Vaults:4)
  A salamander (Snake:4)
  A cyclops (Shoals:4)
  A fire giant skeleton (Depths:2)
  A wolf spider (Vaults:2)
  A manticore (Shoals:4)
  2 merfolk sirens (Shoals:4)
  A guardian serpent (Snake:3)
  A black mamba (Snake:3)
  4 vault sentinels
  6 naga magi (Snake:4)
  A human zombie (Vaults:3)
  21 yaktaurs
  A komodo dragon (shapeshifter) (Vaults:1)
  A freezing wraith (Vaults:3)
  2 human skeletons (Vaults:4)
  A queen bee (shapeshifter) (Vaults:2)
  5 merfolk
  A wind drake (Shoals:3)
  2 slime creatures (Vaults:2)
  A blink frog (shapeshifter) (Depths:1)
  A frost giant simulacrum (Vaults:3)
  2 water elementals
  A hog (shapeshifter) (Vaults:1)
  A yaktaur simulacrum (Vaults:4)
  2 chaos spawn (D:13)
  6 nagas
  An orc warrior (Vaults:2)
  10 ogres
  An orc (Vaults:3)
221 creatures vanquished.

Vanquished Creatures (others)
  An ettin (Vaults:2)
  Prince Ribbit (D:5)
  3 humans
  An orc (D:12)
  65 fulminant prisms
  85 fungi
  214 plants
370 creatures vanquished.

Grand Total: 2233 creatures vanquished

Notes
Turn   | Place    | Note
-------+----------+-------------------------------------------
     0 | D:1      | wakim the Deep Elf Conjurer began the quest for the Orb.
     0 | D:1      | Reached XP level 1. HP: 10/10 MP: 6/6
    85 | D:1      | Reached XP level 2. HP: 15/15 MP: 1/8
   174 | D:1      | Learned a level 2 spell: Searing Ray
   588 | D:2      | Found a sacrificial altar of Ru.
   936 | D:2      | Reached XP level 3. HP: 19/19 MP: 4/9
  1131 | D:2      | Reached skill level 5 in Conjurations
  1314 | D:3      | Found a snail-covered altar of Cheibriados.
  1319 | D:3      | Noticed a bullfrog
  1321 | D:3      | Killed a bullfrog
  1322 | D:3      | Reached XP level 4. HP: 24/24 MP: 8/12
  1333 | D:3      | Found a shadowy altar of Dithmenos.
  1366 | D:3      | Found a runed translucent gate.
  1366 | D:3      | Found a runed translucent gate.
  1366 | D:3      | Found a runed translucent gate.
  1367 | D:3      | Noticed MajorAdolf's ghost (amateur NaWn)
  1433 | D:3      | Found a burning altar of Makhleb.
  1980 | D:3      | Learned a level 4 spell: Fulminant Prism
  1985 | D:3      | Learned a level 4 spell: Iskenderun's Mystic Blast
  2026 | D:4      | Reached XP level 5. HP: 28/28 MP: 10/13
  2111 | D:4      | Reached skill level 5 in Dodging
  2156 | D:4      | Reached XP level 6. HP: 32/32 MP: 5/14
  2200 | D:4      | Noticed Eustachio
  2336 | D:4      | Found a glowing drain.
  2347 | Sewer    | Entered a sewer
  2447 | Sewer    | Reached skill level 5 in Spellcasting
  2708 | Sewer    | Found a white marble altar of Elyvilon.
  2786 | D:4      | Got a jewelled trident
  3010 | D:4      | Reached XP level 7. HP: 36/36 MP: 1/16
  3299 | D:4      | Killed Eustachio
  3300 | D:4      | Reached skill level 1 in Hexes
  3475 | D:4      | Reached skill level 1 in Translocations
  3718 | D:5      | Entered Level 5 of the Dungeon
  3725 | D:5      | Noticed Prince Ribbit
  3866 | D:5      | Found a bloodstained altar of Trog.
  3939 | D:5      | Found a staircase to the Ecumenical Temple.
  3945 | Temple   | Entered the Ecumenical Temple
  4076 | Temple   | Became a worshipper of Sif Muna the Loreminder
  4456 | D:5      | Killed Prince Ribbit
  4457 | D:5      | Reached XP level 8. HP: 42/42 MP: 10/19
  4547 | D:5      | Noticed Ijyb
  4553 | D:5      | Killed Ijyb
  5029 | D:5      | Reached skill level 1 in Fighting
  5112 | D:5      | Noticed Menkaure
  5114 | D:5      | Killed Menkaure
  5316 | D:5      | Found a hide-covered altar of Uskayaw.
  5317 | D:5      | Found a blossoming altar of Fedhas.
  5320 | D:5      | Noticed a +0 hand axe
  5320 | D:5      | Noticed a +0 dagger
  5723 | D:5      | Reached * piety under Sif Muna
  6000 | D:5      | Identified the +1 trident "Dyeged" {freeze, Will+ Dex+9}
                  | (You found it on level 4 of the Dungeon)
  6273 | D:6      | Found a stormy altar of Qazlal.
  6407 | D:6      | Reached XP level 9. HP: 46/48 MP: 12/21
  6489 | D:6      | Found an ornate altar of the Wu Jian Council.
  6891 | D:7      | Found a broken altar of Ashenzari.
  7382 | D:7      | Found Tisoumat's Assorted Antiques.
  7471 | D:7      | Reached ** piety under Sif Muna
  7596 | D:7      | Reached skill level 5 in Hexes
  8366 | D:8      | Reached XP level 10. HP: 56/56 MP: 19/23
  8371 | D:8      | Reached skill level 1 in Invocations
  8508 | D:8      | Reached *** piety under Sif Muna
  9424 | D:8      | Reached skill level 10 in Conjurations
  9437 | D:8      | Reached skill level 10 in Dodging
  9749 | D:8      | Reached **** piety under Sif Muna
  9789 | D:8      | Reached skill level 5 in Translocations
 10956 | D:9      | Found a blossoming altar of Fedhas.
 11037 | D:9      | Found Koesadd's Armour Shoppe.
 11052 | D:9      | Bought a +2 robe of willpower for 265 gold pieces
 11736 | D:10     | Entered Level 10 of the Dungeon
 11908 | D:10     | Learned a level 5 spell: Iskenderun's Battlesphere
 11914 | D:10     | Learned a level 5 spell: Bolt of Magma
 11918 | D:10     | Noticed an unseen horror
 11925 | D:10     | Killed an unseen horror
 11957 | D:10     | Reached ***** piety under Sif Muna
 11959 | D:10     | Reached skill level 1 in Fire Magic
 11959 | D:10     | Reached skill level 1 in Earth Magic
 12086 | D:10     | Identified Qethiffu's Papyrus of Unstable Changing (Sif
                  | Muna gifted it to you on level 10 of the Dungeon)
 12086 | D:10     | Received a gift from Sif Muna
 12087 | D:10     | Reached XP level 11. HP: 61/61 MP: 18/26
 12094 | D:10     | Learned a level 2 spell: Blink
 12525 | D:10     | Found a staircase to the Lair.
 12642 | D:11     | Noticed a green ugly thing
 12647 | D:11     | Killed a green ugly thing
 12790 | D:11     | Noticed a white ugly thing
 12798 | D:11     | Killed a white ugly thing
 12893 | D:11     | Noticed Erolcha
 13195 | D:11     | Killed Erolcha
 13196 | D:11     | Reached skill level 10 in Spellcasting
 13318 | D:11     | Noticed Urug
 13992 | D:11     | Killed Urug
 14227 | D:11     | Found a staircase to the Orcish Mines.
 14395 | Lair:1   | Entered Level 1 of the Lair of Beasts
 14432 | Lair:1   | Reached skill level 5 in Invocations
 14981 | Lair:1   | Reached XP level 12. HP: 55/68 MP: 8/28
 15102 | Lair:1   | Reached skill level 5 in Fighting
 15585 | Lair:2   | Noticed an eight-headed hydra
 15612 | Lair:2   | Killed an eight-headed hydra
 16283 | Lair:2   | Noticed an eight-headed hydra
 16289 | Lair:2   | Killed an eight-headed hydra
 16382 | Lair:2   | Found a staircase to the Shoals.
 16661 | Lair:2   | Found a staircase to the Snake Pit.
 16959 | Lair:2   | Noticed a five-headed hydra
 17299 | Lair:3   | Noticed a death yak
 17340 | Lair:3   | Reached skill level 5 in Fire Magic
 17341 | Lair:3   | Killed a death yak
 17483 | Lair:3   | Received a gift from Sif Muna
 17674 | Lair:3   | Reached skill level 5 in Earth Magic
 17934 | Lair:3   | Killed a five-headed hydra
 18286 | Lair:3   | Reached XP level 13. HP: 58/74 MP: 5/31
 19265 | Lair:4   | Found a runed translucent door.
 19278 | Lair:4   | Noticed Lutiheq's ghost (journeyman DrTm)
 19513 | D:3      | Killed MajorAdolf's ghost
 21278 | Lair:5   | Learned a level 6 spell: Iron Shot
 21895 | Lair:5   | You fall into a shaft and drop 1 floor!
 21895 | Lair:6   | Entered Level 6 of the Lair of Beasts
 21959 | Lair:6   | Reached XP level 14. HP: 48/82 MP: 14/34
 22385 | Lair:5   | Learned a level 7 spell: Orb of Destruction
 22597 | Lair:5   | Received a gift from Sif Muna
 23100 | Lair:5   | Reached skill level 1 in Summonings
 23978 | Lair:6   | Found a viscous altar of Jiyva.
 23979 | Lair:6   | Found a staircase to the Slime Pits.
 24516 | Lair:6   | Reached skill level 1 in Shields
 24950 | Lair:6   | Identified a scroll of acquirement
 24950 | Lair:6   | Acquired an uncursed staff of conjuration
 26062 | D:12     | Received a gift from Sif Muna
 26089 | D:12     | Noticed Kirke
 26338 | D:12     | Killed Kirke
 26928 | D:12     | Identified the +9 rapier of the Ring {vorpal, rC+++ Str+8
                  | SInv}
 26931 | D:12     | Noticed a sphinx
 26968 | D:12     | Killed a sphinx
 27597 | D:12     | Found Woteali's Gadget Boutique.
 27689 | D:9      | Bought the +2 ratskin cloak {*Rats rPois rN+ Str-1 Int-1
                  | Dex+1} for 417 gold pieces
 27689 | D:9      | Found the +2 ratskin cloak {*Rats rPois rN+ Str-1 Int-1
                  | Dex+1}
 27845 | D:12     | Reached skill level 1 in Evocations
 27989 | D:12     | Reached XP level 15. HP: 88/88 MP: 27/35
 28370 | D:13     | Learned a level 5 spell: Fireball
 28822 | D:13     | Found a runed translucent door.
 29049 | D:14     | Noticed Louise
 29049 | D:14     | Cast into level 3 of the Abyss (Louise)
 29110 | D:14     | Escaped the Abyss
 29645 | D:14     | Killed Louise
 30751 | D:14     | Identified Sif Muna's Tome of Attacks (Sif Muna gifted it
                  | to you on level 14 of the Dungeon)
 30751 | D:14     | Received a gift from Sif Muna
 31050 | D:14     | Found a gate to the Vaults.
 31205 | Orc:1    | Entered Level 1 of the Orcish Mines
 31210 | Orc:1    | Reached skill level 10 in Invocations
 32105 | Orc:2    | Entered Level 2 of the Orcish Mines
 32761 | Orc:2    | Reached skill level 5 in Summonings
 32791 | Orc:2    | Identified Sif Muna's Grimoire of Unstable Unholy Magic
                  | (Sif Muna gifted it to you on level 2 of the Orcish Mines)
 32791 | Orc:2    | Received a gift from Sif Muna
 33141 | Orc:2    | Found Zufeceifo's Jewellery Emporium.
 33466 | Orc:2    | Gained mutation: Scrolls take you a little longer to read.
                  | [a neqoxec]
 33528 | Orc:2    | Reached skill level 10 in Earth Magic
 33717 | Orc:2    | Found Buytotu's Book Emporium.
 33720 | Orc:2    | Found Amogov's Book Shoppe.
 33721 | Orc:2    | Found Toibujam's Armour Emporium.
 33722 | Orc:2    | Found Gaoh's Gadget Emporium.
 33830 | Orc:2    | Found a staircase to the Elven Halls.
 34008 | Orc:2    | Bought the ring "Zairphof" {*Contam rElec rPois rF+ rC++}
                  | for 661 gold pieces
 34124 | Orc:2    | Bought a +2 helmet for 214 gold pieces
 34124 | Orc:2    | Bought a +2 buckler of cold resistance for 279 gold pieces
 34348 | D:15     | Entered Level 15 of the Dungeon
 34541 | D:15     | Found a frozen archway.
 34551 | IceCv    | Entered an ice cave
 35193 | IceCv    | Reached skill level 15 in Spellcasting
 35234 | IceCv    | Reached XP level 16. HP: 94/94 MP: 1/37
 35813 | IceCv    | Got a shimmering ring mail
 35816 | IceCv    | Got a fading chain mail
 35871 | D:14     | Identified the cursed +1 ring mail of Maicu {*Drain rElec
                  | rN+ Dex+4} (You found it in an ice cave)
 36629 | D:15     | Received a gift from Sif Muna
 36940 | D:15     | Reached skill level 15 in Conjurations
 37008 | D:15     | Found a staircase to the Depths.
 38353 | Snake:1  | Entered Level 1 of the Snake Pit
 39265 | Snake:1  | Identified the cursed +1 war axe of the Thirteen Places
                  | {vamp, rF+ Str-5 Stlth+}
 40064 | Snake:1  | Found a shimmering blue altar of Sif Muna.
 40109 | Snake:1  | Noticed Azrael
 40121 | Snake:1  | Found Zoolla Xeegg's Assorted Antiques.
 40158 | Snake:1  | Killed Azrael
 40471 | Snake:2  | Identified Toucvuiv's Incunabulum of Earthen Illusion (Sif
                  | Muna gifted it to you on level 2 of the Snake Pit)
 40471 | Snake:2  | Received a gift from Sif Muna
 41331 | Snake:2  | Found Plog's Armour Shop.
 41347 | Snake:2  | Reached XP level 17. HP: 87/100 MP: 29/39
 41368 | Snake:2  | Noticed Vashnia
 41787 | Snake:2  | Killed Vashnia
 41830 | Snake:2  | Noticed Saint Roka
 42192 | Snake:2  | Killed Saint Roka
 43700 | Snake:2  | Learned a level 7 spell: Spellforged Servitor
 44651 | Snake:3  | Noticed Nikola
 44718 | Snake:3  | Killed Nikola
 45151 | Snake:3  | Got a translucent bronze amulet
 45154 | Snake:3  | Identified the amulet "Elluhy" {Regen+ Str+3} (You found it
                  | on level 3 of the Snake Pit)
 45171 | Snake:3  | Noticed Aizul
 45180 | Snake:3  | Killed Aizul
 45363 | Snake:3  | Noticed Jorgrun
 45388 | Snake:3  | Killed Jorgrun
 45913 | Snake:4  | Entered Level 4 of the Snake Pit
 46670 | Snake:4  | Identified Sif Muna's Almanac of Enchanting Conjuration
                  | (Sif Muna gifted it to you on level 4 of the Snake Pit)
 46670 | Snake:4  | Received a gift from Sif Muna
 47359 | Snake:4  | Reached skill level 10 in Fighting
 47660 | Snake:4  | Reached XP level 18. HP: 81/107 MP: 22/41
 48111 | Snake:4  | Got a serpentine rune of Zot
 48446 | Orc:2    | Bought an uncursed ring of willpower for 300 gold pieces
 48620 | Vaults:1 | Entered Level 1 of the Vaults
 49332 | Vaults:1 | You fall into a shaft and drop 1 floor!
 49580 | Vaults:2 | Identified Sif Muna's Catalogue of Cold and Summoning (Sif
                  | Muna gifted it to you on level 2 of the Vaults)
 49580 | Vaults:2 | Received a gift from Sif Muna
 52721 | Vaults:1 | Found Tunextom's Book Shop.
 53550 | Vaults:1 | Identified Sif Muna's Guide on Aerial Creation (Sif Muna
                  | gifted it to you on level 1 of the Vaults)
 53550 | Vaults:1 | Received a gift from Sif Muna
 54606 | Vaults:2 | Reached skill level 15 in Earth Magic
 54692 | Vaults:2 | Reached XP level 19. HP: 114/114 MP: 32/44
 56669 | Vaults:3 | Learned a level 8 spell: Lehudib's Crystal Spear
 56703 | Vaults:3 | Found Ivvit's Jewellery Emporium.
 57809 | Vaults:3 | Found a staircase to the Crypt.
 57809 | Vaults:3 | Found a basalt altar of Yredelemnul.
 57810 | Vaults:3 | Found an ancient bone altar of Kikubaaqudgha.
 57921 | Vaults:3 | Identified Liurchush's Collected Works on the Harmful
                  | Entourage (Sif Muna gifted it to you on level 3 of the
                  | Vaults)
 57921 | Vaults:3 | Received a gift from Sif Muna
 60275 | Vaults:4 | Identified Nietomui's Tome of the Mountains and the Glacier
                  | (Sif Muna gifted it to you on level 4 of the Vaults)
 60275 | Vaults:4 | Received a gift from Sif Muna
 60484 | Vaults:4 | Reached XP level 20. HP: 96/121 MP: 30/45
 60587 | Vaults:4 | Found Jiramuwk's Jewellery Boutique.
 61233 | Shoals:1 | Entered Level 1 of the Shoals
 62064 | Shoals:2 | Noticed Roxanne
 62604 | Shoals:2 | Killed Roxanne
 63519 | Shoals:3 | Found a snail-covered altar of Cheibriados.
 64153 | Shoals:4 | Entered Level 4 of the Shoals
 64250 | Shoals:4 | Noticed Polyphemus
 64833 | Shoals:4 | Killed Polyphemus
 65358 | Shoals:4 | Reached skill level 15 in Dodging
 66074 | Shoals:4 | Received a gift from Sif Muna
 66275 | Shoals:4 | Got a barnacled rune of Zot
 66379 | Shoals:4 | Found Agucis's Distillery.
 66656 | Shoals:4 | Noticed Donald
 66661 | Shoals:4 | Killed Donald
 67118 | Shoals:4 | Got a bloodstained buckler
 67121 | Shoals:4 | Identified the cursed +0 buckler "Wuahuak" {rPois} (You
                  | found it on level 4 of the Shoals)
 67474 | Depths:1 | Entered Level 1 of the Depths
 67838 | Depths:1 | Found a gateway to Hell.
 67864 | Depths:1 | Identified the +6 war axe "Fumirezizu" {freeze, rN+ Str+3}
 67985 | Depths:1 | Noticed a juggernaut
 68893 | Depths:1 | Killed a juggernaut
 69376 | Depths:1 | You fall into a shaft and drop 1 floor!
 69538 | Depths:2 | Found a gateway to a ziggurat.
 69647 | Depths:1 | Reached XP level 21. HP: 127/127 MP: 17/47
 70138 | Depths:1 | Got an encrusted short sword
 70233 | Depths:1 | Received a gift from Sif Muna
 70892 | Depths:2 | Found a one-way gate to the infinite horrors of the Abyss.
 71449 | Depths:2 | Learned a level 6 spell: Invisibility
 72744 | Depths:2 | Noticed a caustic shrike
 72745 | Depths:2 | Noticed a caustic shrike
 72745 | Depths:2 | Noticed a caustic shrike
 72750 | Depths:2 | Killed a caustic shrike
 72754 | Depths:2 | Killed a caustic shrike
 72761 | Depths:2 | Killed a caustic shrike
 72764 | Depths:2 | Noticed a juggernaut
 73068 | Depths:2 | Noticed a caustic shrike
 73074 | Depths:2 | Killed a caustic shrike
 73213 | Depths:2 | Identified the +6 short sword of the Hero {vorpal, *Rage
                  | +Inv rElec Will+} (You found it on level 1 of the Depths)
 73235 | Depths:2 | Noticed a caustic shrike
 73248 | Depths:2 | Killed a caustic shrike
 73602 | Depths:2 | Killed a juggernaut
 73747 | Depths:2 | Noticed a juggernaut
 73757 | Depths:2 | Killed a juggernaut
 73758 | Depths:2 | Reached skill level 10 in Hexes
 73792 | Depths:2 | Reached XP level 22. HP: 101/133 MP: 31/48
 74472 | D:13     | Identified Sif Muna's Tome of Attacks and Flight (Sif Muna
                  | gifted it to you on level 13 of the Dungeon)
 74472 | D:13     | Received a gift from Sif Muna
 74654 | D:13     | Got a brightly glowing mace
 74657 | D:13     | Identified the +1 mace of the Fox {elec, rElec Str+4 SInv}
                  | (You found it on level 13 of the Dungeon)
 74971 | Lair:4   | Killed Lutiheq's ghost
 74982 | Lair:4   | Got an iridescent battleaxe
 74987 | Lair:4   | Identified the +7 battleaxe "Somonal" {chaos, rElec rPois
                  | rC- Dex+3} (You found it on level 4 of the Lair of Beasts)
 75295 | Depths:3 | Found a one-way gate leading to the halls of Pandemonium.
 75921 | Depths:3 | Got a shimmering scale mail
 75933 | Depths:3 | Identified the cursed +1 scale mail "Muygoen" {rPois
                  | Regen+} (You found it on level 3 of the Depths)
 77134 | Depths:3 | Noticed a juggernaut
 77182 | Depths:2 | Annihilated by a juggernaut

Illustrated notes

Levels and vault maps discovered:
D:1:      sevenhm_arrival_forest_fort_small_5, layout_basic, st_stairs_8
D:2:      layout_basic, nicolae_ru_awakened_eye
D:3:      layout_basic, old_standard_altar, cheibriados_altar_1,
          ebering_ghost_rock_garden, grunt_dithmenos_smoke_and_mirrors
D:4:      layout_loops_ring, portal_sewer_entry_d, grunt_ministairs_13,
          uniq_eustachio
D:5:      minmay_razor_zed, layout_layer_cave, general_overflow_altar,
          dancing_weapons_uskayaw, marbit_many_paths, temple_statues,
          lemuel_old_faithful, uniq_ijyb, uniq_prince_ribbit1, uniq_menkaure
D:6:      layout_loops_cross, overflow_temple_1_default, kennysheep_little_box
D:7:      layout_loops_ring, nicolae_ashenzari_panopticon, serial_shops,
          nicolae_shop_overgrown_old_shop
D:8:      layout_cave_pools, serial_gnoll_camp, gnoll_camp_mini_hut,
          gnoll_camp_huts_moat, gnoll_camp_mini_loothouse,
          gnoll_camp_mini_doghouse, gnoll_camp_mini_doghouse,
          gnoll_camp_mini_doghouse
D:9:      layout_loops_ring, serial_shops, shop, fedhas_altar_4
D:10:     layout_long_grid, due_lair_maze_entry_diamond
D:11:     layout_rooms, hiddenorc1_lemuel, grunt_ministairs_9,
          serial_bayou_crossing, uniq_urug, uniq_erolcha
D:12:     minmay_expanding_squares, layout_rooms, serial_shops, shop,
          minmay_misc_feat_iff, uniq_kirke
D:13:     cheibrodos_body_horror, layout_rooms
D:14:     layout_small_grid, ximxim_vaults_locker_room, minmay_staircase_bubble,
          uniq_louise
D:15:     gammafunk_enter_depths_forms, layout_grid_maze,
          portal_ice_cave_entry_pillars_1
Temple:   nicolae_temple_figure_eight
Lair:1:   layout_loops_ring, beast_lair_carwin_8
Lair:2:   layout_regular_city, elwin_shoals_entry_rooms,
          minmay_snake_entry_six_corridors, serial_bayou, serial_bayou_pond_e,
          serial_bayou_pond_c, serial_bayou_ford_a, serial_bayou_pond_b,
          serial_bayou_lagoon_b, minivault_24
Lair:3:   layout_hall_layers
Lair:4:   layout_loops_ring, ebering_ghost_reflecting_pool
Lair:5:   layout_cave_pods, st_stairs_5, grunt_megastairs_1
Lair:6:   minmay_lair_end_enchanted_forest, layout_small_grid,
          dpeg_slime_entry_enclosed_altar, lightli_volcano_entry_magma_tube,
          st_stairs_12, patterned_corridor, serial_bayou_shore_b
Shoals:1: layout_shoals
Shoals:2: layout_shoals, uniq_roxanne
Shoals:3: layout_shoals, lemuel_oklob_altar
Shoals:4: shoals_end_simple, layout_shoals, serial_shops, shop, uniq_polyphemus,
          uniq_donald
Snake:1:  layout_basic, basic_altar, serial_shops,
          nicolae_shop_temple_entry_statues_fountains, drop_trap,
          serial_bayou_shore_a, uniq_azrael
Snake:2:  cheibrodos_snake_lava_hold, layout_chambers, serial_shops, shop,
          uniq_saint_roka, uniq_vashnia
Snake:3:  layout_chambers, uniq_jorgrun, uniq_nikola, uniq_aizul
Snake:4:  snake_pit, layout_cave_town, hangedman_snake_thin_pillar_pass
Orc:1:    layout_caves
Orc:2:    st_orc_pillars, layout_diamond_mine, serial_shops, shop,
          nicolae_orc_sculptors_studio
Vaults:1: v_misc_22, nicolae_vaults_network_barrier,
          nicolae_vaults_big_angled_halls, dpeg_vaults_monster_row,
          vaults_dpeg_diagonal, ontoclasm_vaults_chip,
          vaults_room_guarded_vault, vaults_room_grunt_arrival_ludios,
          nicolae_vaults_yaktaur_gun_rack, layout_vaults_omnigrid, serial_shops,
          shop
Vaults:2: v_misc_31, grunt_vaults_funnel, vaults_mumra_bighexcomb,
          vaults_room_hallway, v_misc_27, ontoclasm_vaults_twist,
          nicolae_vaults_mini_display_case, v_misc_23,
          nicolae_vaults_shelves_hall, vaults_room_fancy_cross, v_misc_18,
          vaults_room_hallway, hangedman_vaults_snaps, layout_vaults_maze_bifur
Vaults:3: vaults_standard_mumra_x, hangedman_vaults_nodes,
          nicolae_vaults_diagonal_hallway_8, v_misc_29, hangedman_vaults_impose,
          minmay_crypt_entry_necro_gods, vaults_room_octagon,
          grunt_vaults_hallway_short, nicolae_vaults_network_periphery,
          hangedman_vaults_variations, layout_vaults_omnibox, serial_shops,
          nicolae_shop_trees
Vaults:4: vaults_mumra_lcd, grunt_vaults_bifocal, vaults_mumra_hex,
          nicolae_vaults_circle_grid_a, v_rooms_3, v_misc_23,
          nicolae_vaults_big_ls, vaults_room_mumra_shop_pool,
          nicolae_vaults_alarming, layout_vaults_chaotic_city
Depths:1: minmay_the_grid_3x3 [minmay_the_grid_expand, minmay_the_grid_paths,
          minmay_the_grid_pillar_ring, minmay_the_grid_tri_star,
          minmay_the_grid_zigzag_pyramid, minmay_the_grid_embedded,
          minmay_the_grid_small_cups, minmay_the_grid_minigrid_large,
          minmay_the_grid_prize_four_corners_diamond_a], layout_basic,
          dk_noncrumbling_4, hell_entry, kennysheep_generic_room_7
Depths:2: grunt_runaround [grunt_runaround_doors_1, grunt_runaround_doors_2,
          grunt_runaround_doors_3, grunt_runaround_doors_4,
          grunt_runaround_loot], serial_shops, abyss_entry, hell_entry
Depths:3: minmay_tri_box, layout_basic, minmay_misc_feat_nine_boxes,
          abyss_entry, hell_entry, pan_entry, nemelex_altar_shiori

Skill      XL: |  1  2  3  4  5  6  7  8  9 10 11 12 13 14 15 16 17 18 19 20 21 22 |
---------------+-------------------------------------------------------------------+-----
Dodging        | 3 4 5 6 7 8 9 10 11 12 13 14 15 16 | 16.0
Conjurations   | 5 6 7 8 9 10 11 12 13 14 15 16 17 18 20 | 20.7
Spellcasting   | 4 5 6 7 9 10 12 14 15 16 17 19 20 | 20.6
Hexes          | 2 3 5 6 7 8 10 | 10.0
Translocations | 2 3 4 5 6 7 8 |  8.2
Fighting       | 1 3 4 5 7 8 9 10 11 12 | 12.8
Invocations    | 3 5 8 9 10 11 | 11.2
Fire Magic     | 1 3 5 6 7 8 |  8.0
Earth Magic    | 1 3 5 7 8 10 12 13 15 16 17 18 | 18.6
Summonings     | 3 5 7 8 |  8.0
Shields        | 3 4 |  4.0
Evocations     | 1 2 |  2.8
Stealth        | |  2.4

Action                   |  1- 3 |  4- 6 |  7- 9 | 10-12 | 13-15 | 16-18 | 19-21 | 22-24 || total
-------------------------+-------+-------+-------+-------+-------+-------+-------+-------++-------
Melee: Dagger            |    16 |       |       |       |       |       |       |       ||    16
       Trident           |       |       |     2 |    29 |     4 |       |       |       ||    35
       Staff             |       |       |       |       |    25 |       |       |       ||    25
       Rapier            |       |       |       |       |     5 |       |    16 |     3 ||    24
 Cast: Magic Dart        |    51 |    30 |    86 |   343 |   573 |   534 |    32 |       ||  1649
       Searing Ray       |     4 |    18 |    75 |   118 |   103 |    33 |       |       ||   351
       Iskenderun's Myst |       |       |     7 |    28 |   136 |   151 |    85 |    35 ||   442
       Fulminant Prism   |       |       |     3 |    20 |    29 |    13 |       |       ||    65
       Iskenderun's Batt |       |       |       |    63 |   165 |   132 |    13 |       ||   373
       Bolt of Magma     |       |       |       |     6 |    30 |    94 |    18 |     8 ||   156
       Blink             |       |       |       |     1 |     1 |     1 |     1 |     1 ||     5
       Orb of Destructio |       |       |       |       |    12 |    66 |   316 |    48 ||   442
       Iron Shot         |       |       |       |       |    10 |    38 |    28 |       ||    76
       Fireball          |       |       |       |       |    18 |    50 |    20 |       ||    88
       Spellforged Servi |       |       |       |       |       |    34 |   100 |    17 ||   151
       Lehudib's Crystal |       |       |       |       |       |       |   126 |    13 ||   139
       Invisibility      |       |       |       |       |       |       |    11 |       ||    11
Invok: Channel Magic     |       |       |       |     4 |    20 |    11 |    12 |     1 ||    48
       Forget Spell      |       |       |       |       |       |     1 |       |       ||     1
  Use: Scroll            |     6 |       |     7 |    10 |     6 |    10 |    10 |     4 ||    53
       Potion            |       |       |     7 |       |     2 |       |     1 |     1 ||    11
 Stab: Petrified         |       |       |       |       |       |       |     3 |       ||     3
Armor: Robe              |     6 |     4 |    11 |    28 |    30 |    92 |    71 |     5 ||   247
       Acid dragon scale |       |       |       |       |    28 |       |       |       ||    28
Dodge: Dodged            |    26 |    14 |   101 |   197 |   282 |   299 |   264 |    35 ||  1218
Block: Buckler           |       |       |       |       |    48 |   110 |   132 |    11 ||   301
